 Dungeon Crawl Stone Soup version 0.16-a0-3499-gfbbdc41 (webtiles) character file.

788 Minkie the Ruffian (level 7, -4/54 HPs)
             Began as a Green Draconian Transmuter on Jan 5, 2015.
             Slain by jimeh's ghost (5 damage)
             ... on level 4 of the Dungeon.
             The game lasted 00:22:55 (4925 turns).

Minkie the Ruffian (Green Draconian Transmuter)     Turns: 4925, Time: 00:22:55

Health: -4/54      AC:  7    Str: 13    XL:     7   Next: 56%
Magic:  12/12      EV: 12    Int: 14    God:
Gold:   288        SH:  0    Dex: 12    Spells: 2 memorised, 5 levels left

rFire  . . .     SeeInvis .       - Unarmed
rCold  . . .     Clarity  .     (armour unavailable)
rNeg   . . .     SustAb   .     (no shield)
rPois  +         Gourm    .     (helmet restricted)
rElec  .         Spirit   .     (no cloak)
rCorr  .         Warding  .     q - +0 pair of gloves
rMut   .         Stasis   .     (boots unavailable)
MR     .....                    (no amulet)
Stlth  +.........               (no ring)
                                (no ring)

@: appendage, drained, not resistant to hostile enchantments, very unstealthy
A: breathe noxious fumes, unfitting armour, talons 3, frail 1, poison
resistance, cold-blooded, AC +6
a: Breathe Noxious Fumes, End Transformation


You were on level 4 of the Dungeon.
You were not hungry.
You had grown temporary talons.
You visited 1 branch of the dungeon, and saw 5 of its levels.
You also visited: Sewer.

You collected 288 gold pieces.

Inventory:

Hand weapons
 c - a +2 mace of protection
Armour
 q - a +0 pair of gloves (worn)
Magical devices
 f - a wand of paralysis (15)
Scrolls
 b - a scroll of enchant weapon {unknown}
 e - a scroll of random uselessness {unknown}
 g - a scroll of blinking {unknown}
 k - 2 scrolls of amnesia {unknown}
 l - 3 scrolls of remove curse {unknown}
 m - 3 scrolls of identify {unknown}
 n - a scroll of immolation {unknown}
 o - a scroll of enchant armour {unknown}
Potions
 i - a potion of restore abilities {unknown}
 j - a potion of might
 p - a potion of cancellation {unknown}
 r - a potion of heal wounds
 s - a potion of haste
 u - a potion of poison {unknown}
Books
 d - a book of Changes

   Spells                             Type                      Level
   a - Beastly Appendage              Transmutation                1
   b - Sticks to Snakes               Transmutation                2
   c - Spider Form                    Transmutation/Poison         3
   d - Ice Form                       Ice/Transmutation            4
   e - Blade Hands                    Transmutation                5
Comestibles
 a - 4 bread rations
 h - 2 beef jerkies
 t - 3 fruits
 v - 10 chunks of flesh


   Skills:
 - Level 5.0(4.5) Fighting
 - Level 1.7(1.2) Dodging
 + Level 6.8(6.2) Unarmed Combat
 - Level 2.0(1.5) Spellcasting
 + Level 4.0(3.5) Transmutations


You had 5 spell levels left.
You knew the following spells:

 Your Spells              Type           Power        Failure   Level  Hunger
a - Beastly Appendage     Trmt           ##....       10%         1    ##.....
b - Ice Form              Ice/Trmt       #.......     95%         4    #####..


Dungeon Overview and Level Annotations

Branches:
Dungeon (5/15)
 Temple: D:4-7

Altars:
Ashenzari
Cheibriados
Xom
Yredelemnul

Annotations:
D:3 chequers' ghost, average DsAr
D:4 jimeh's ghost, experienced DrBe
D:5 miek's ghost, average OgGl


Innate Abilities, Weirdness & Mutations

You can breathe blasts of noxious fumes.
Your lurid green scales are hard (AC +6).
Your body does not fit into most forms of armour.
Your system is resistant to poisons.
Your cold-blooded metabolism reacts poorly to cold.
You have claws for feet.
You are frail (-10% HP).


Message History

Jimeh's ghost barely misses you.
You closely miss jimeh's ghost.
You claw jimeh's ghost, but do no damage.
Jimeh's ghost is heavily damaged.
Jimeh's ghost closely misses you.
You punch jimeh's ghost!
Jimeh's ghost is heavily damaged.
Jimeh's ghost hits you.
* * * LOW HITPOINT WARNING * * *
You punch jimeh's ghost! Your kick misses jimeh's ghost.
Jimeh's ghost is severely damaged.
Jimeh's ghost hits you.
* * * LOW HITPOINT WARNING * * *
You hit jimeh's ghost but do no damage.
Your tail-slap misses jimeh's ghost.
Your punch misses jimeh's ghost.
Jimeh's ghost is severely damaged.
You hit jimeh's ghost but do no damage.
Jimeh's ghost is severely damaged.
Jimeh's ghost hits you.
You die...

#.########.###.....#....#..#
#.# #..# #.#.######.##[..
#####.# ##.## #.W.# #.# .##
......# ###รท.# #..## #.# .#
......# #>..## #..# #.# .#
......####.### #..# #.. .#
.......#...# #.## ##. .
...........# ###.# .
......#....# ##@W.# #.
....(.##..## ##...##
########### #...## #...#
#...# #...# #...# #...#
#####


You could see jimeh's ghost.

Vanquished Creatures
  A sky beast (D:5)
  Purgy (Sewer)
  An orc warrior (D:5)
  An eye of draining (D:3)
  An ogre (D:5)
  2 worker ants
  A gnoll shaman (D:3)
  An iguana (D:4)
  Ijyb (D:3)
  6 gnolls (D:3)
  6 adders
  3 worms (D:3)
  An adder zombie (D:4)
  3 giant geckos
  An ooze (D:2)
  11 orcs
  7 bats
  7 hobgoblins
  7 jackals
  3 quokkas (D:3)
  3 ball pythons
  4 giant cockroaches
  3 giant newts
  5 goblins
  11 kobolds
  9 rats
100 creatures vanquished.

Notes
Turn   | Place    | Note
--------------------------------------------------------------
     0 | D:1      | Minkie, the Draconian Transmuter, began the quest for the Orb.
     0 | D:1      | Reached XP level 1. HP: 16/16 MP: 3/3
   149 | D:1      | Reached XP level 2. HP: 23/23 MP: 4/4
   985 | D:2      | Reached XP level 3. HP: 27/29 MP: 6/6
  1329 | D:2      | Reached skill level 4 in Unarmed Combat
  1827 | D:3      | Found a glowing drain.
  1838 | D:3      | Reached XP level 4. HP: 37/37 MP: 7/7
  1855 | D:3      | Noticed Ijyb
  1886 | D:3      | Killed Ijyb
  1951 | Sewer    | Entered a sewer
  1998 | Sewer    | Noticed Purgy
  2041 | Sewer    | HP: 1/38 [Purgy (1)]
  2047 | Sewer    | HP: 1/57 [Purgy (2)]
  2056 | Sewer    | Killed Purgy
  2056 | Sewer    | Reached XP level 5. HP: 18/46 MP: 9/9
  2355 | D:3      | Found a shattered altar of Ashenzari.
  2387 | D:3      | Reached skill level 5 in Unarmed Combat
  2605 | D:3      | Found a snail-covered altar of Cheibriados.
  2768 | D:3      | Noticed an eye of draining
  2780 | D:3      | Killed an eye of draining
  2780 | D:3      | Reached XP level 6. HP: 53/53 MP: 0/10
  2974 | D:3      | Found a shimmering altar of Xom.
  2989 | D:3      | Learned a level 4 spell: Ice Form
  3064 | D:3      | Reached skill level 5 in Fighting
  3663 | D:3      | Noticed a gnoll sergeant
  3699 | D:3      | Noticed chequers' ghost (average DsAr)
  3993 | D:4      | Reached skill level 6 in Unarmed Combat
  4108 | D:4      | Noticed jimeh's ghost (experienced DrBe)
  4140 | D:5      | Entered Level 5 of the Dungeon
  4172 | D:5      | Your scales start taking on a lurid green colour.
  4172 | D:5      | Gained mutation: Your system is resistant to poisons. [draconian maturity]
  4172 | D:5      | Reached XP level 7. HP: 54/61 MP: 12/12
  4202 | D:5      | Found a basalt altar of Yredelemnul.
  4253 | D:5      | Gained mutation: You are frail (-10% HP). [mutagenic meat]
  4385 | D:5      | Noticed miek's ghost (average OgGl)
  4923 | D:4      | HP: 1/54 [jimeh's ghost (4)]
  4925 | D:4      | Slain by jimeh's ghost

Action                   |  1- 3 |  4- 6 |  7- 9 || total
-------------------------+-------+-------+-------++-------
Melee: Unarmed           |    11 |   105 |    53 ||   169
       Mace              |    96 |   169 |       ||   265
Throw: Tomahawk          |       |       |     5 ||     5
 Cast: Beastly Appendage |       |     6 |     1 ||     7
 Abil: Breathe Noxious F |       |       |     5 ||     5
  Use: Potion            |       |     5 |       ||     5
 Stab: Confused          |       |       |     4 ||     4
  Eat: Chunk             |     3 |     8 |     5 ||    16
